 Dungeon Crawl Stone Soup version 0.26.1-2-gb8aa6d0cf2 (webtiles) character file.

Game seed: 9955707202226456160

167 skwiii the Chiller (level 5, -1/28 HPs)
             Began as a Deep Elf Ice Elementalist on Feb 18, 2021.
             Killed by divine providence
             ... invoked by an orc priest
              (12 damage)
             ... on level 4 of the Dungeon.
             The game lasted 00:14:12 (3809 turns).

skwiii the Chiller (Deep Elf Ice Elementalist)      Turns: 3809, Time: 00:14:13

Health: -1/28      AC:  2    Str:  5    XL:     5   Next: 23%
Magic:  11/14      EV: 14    Int: 21    God:
Gold:   114        SH:  0    Dex: 15    Spells: 2/13 levels left

rFire    . . .     SeeInvis .   k - +1 flail
rCold    . . .     Faith    .   (no shield)
rNeg     . . .     Spirit   .   a - +0 robe
rPois    .         Reflect  .   (no helmet)
rElec    .         Harm     .   (no cloak)
rCorr    .         Rampage  .   (no gloves)
Will     .....                  (no boots)
Stlth    ++........             (no amulet)
HPRegen  0.09/turn              (no ring)
MPRegen  0.14/turn              (no ring)

@: no status effects
A: no striking features
a: no special abilities


You were on level 4 of the Dungeon.
You visited 1 branch of the dungeon, and saw 4 of its levels.

You collected 114 gold pieces.

Inventory:

Hand Weapons
 j - a +0 long sword
 k - a +1 flail (weapon)
Armour
 a - a +0 robe (worn)
 c - a +0 robe
 n - a +0 kite shield
Jewellery
 h - an uncursed ring of poison resistance
Wands
 s - a wand of flame (14)
Scrolls
 b - a scroll of identify
 d - a scroll of fog
 e - a scroll of enchant weapon
 f - 4 scrolls of immolation
 i - 2 scrolls of teleportation
 m - a scroll of enchant armour {unknown}
 p - 2 scrolls of remove curse
Potions
 g - a potion of mutation {unknown}
 l - a potion of attraction {unknown}
 o - a potion of curing {unknown}
 q - a potion of flight {unknown}
 r - a potion of berserk rage {unknown}


   Skills:
 + Level 3.6 Dodging
 - Level 3.3 Stealth
 * Level 4.8 Spellcasting
 + Level 0.6 Conjurations
 + Level 5.4 Ice Magic


You had 2 spell levels left.
You knew the following spells:

 Your Spells              Type           Power        Failure   Level
a - Freeze                Ice            100%         1%          1
b - Frozen Ramparts       Ice            56%          3%          3
c - Ozocubu's Armour      Ice            28%          3%          3
d - Hailstorm             Conj/Ice       18%          30%         4

Your spell library contained the following spells:

 Spells                   Type           Power        Failure   Level
 Summon Ice Beast         Ice/Summ       16%          34%         4


Dungeon Overview and Level Annotations

Branches:
Dungeon (4/15)
 Temple: D:4-7

Altars:
Trog
Yredelemnul


Message History

The orc priest shouts!
An orc priest comes into view.
The wall freezes the quokka.
The wall freezes the orc.
You kill the orc!
The wall freezes the quokka.
An orc wizard comes into view. It is wielding a +0 dagger.
The wall freezes the quokka.
You kill the quokka!
The orc priest looks braver for a moment.
A worker ant comes into view.
The frozen ramparts melt away.
The orc priest miscasts a cantrip.
A worker ant comes into view.
The orc priest invokes the aid of Beogh against you.
Beogh smites you!
Your magical contamination has completely faded away.
The orc priest looks satisfied for a moment.
The orc priest calls down the wrath of Beogh upon you.
Beogh smites you!
You die...

### #@# #.# #.# #.#
###### #######o# #.....
#.......# #.....#
#.......#
#.....####.o.....#
#..........#####.......


You could see an orc priest.

Vanquished Creatures
  Jessica (D:3)
  2 adders
  2 oozes (D:3)
  3 worms
  2 dart slugs
  A leopard gecko (D:1)
  14 orcs
  A ball python (D:1)
  3 bats
  6 giant cockroaches
  9 goblins
  6 hobgoblins
  13 jackals
  2 quokkas
  2 frilled lizards (D:1)
  A kobold (D:3)
  11 rats
79 creatures vanquished.

Notes
Turn   | Place    | Note
-------+----------+-------------------------------------------
     0 | D:1      | skwiii the Deep Elf Ice Elementalist began the quest for
                  | the Orb.
     0 | D:1      | Reached XP level 1. HP: 10/10 MP: 6/6
   453 | D:1      | Reached XP level 2. HP: 15/15 MP: 4/8
  1168 | D:1      | Reached XP level 3. HP: 19/19 MP: 8/10
  1172 | D:1      | Learned a level 3 spell: Frozen Ramparts
  1947 | D:2      | Noticed a moth of wrath
  1951 | D:2      | Found a bloodstained altar of Trog.
  2208 | D:2      | Reached skill level 5 in Ice Magic
  2269 | D:2      | Found a basalt altar of Yredelemnul.
  2436 | D:3      | Noticed Jessica
  2441 | D:3      | Killed Jessica
  2442 | D:3      | Reached XP level 4. HP: 1/24 MP: 6/12
  2972 | D:3      | Learned a level 3 spell: Ozocubu's Armour
  2980 | D:3      | Learned a level 4 spell: Hailstorm
  3245 | D:3      | Reached XP level 5. HP: 27/28 MP: 4/13
  3809 | D:4      | Killed from afar by an orc priest

Illustrated notes

Levels and vault maps discovered:
D:1:      elethiomel_arrival_infinity_welcomes_careful_drivers, layout_basic
D:2:      layout_rooms, nicolae_overflow_hidden_temple, kennysheep_donut,
          tgw_trog
D:3:      layout_rooms, uniq_jessica
D:4:      minmay_opposing_rooms, layout_basic, fedhas_altar_2,
          marbit_many_paths, serial_shops, nicolae_shop_waterfront

Skill      XL: |  1  2  3 |
---------------+----------+-----
Stealth        | 3 |  3.3
Dodging        | 3 |  3.6
Ice Magic      | 5 |  5.4
Spellcasting   | 4 |  4.8
Conjurations   | |  0.6

Action                   |  1- 3 |  4- 6 || total
-------------------------+-------+-------++-------
Melee: Unarmed           |     2 |       ||     2
 Cast: Freeze            |    50 |    27 ||    77
       Frozen Ramparts   |     6 |     7 ||    13
       Hailstorm         |       |     4 ||     4
  Use: Scroll            |     1 |     7 ||     8
Armor: Robe              |     6 |     1 ||     7
Dodge: Dodged            |    29 |     7 ||    36
